 Dungeon Crawl Stone Soup version 0.30.1-6-gbe392663c4 (webtiles) character file.

Game seed: 4289655472578427080

44590 Kurtz the Severer (level 14, -2/88 HPs)
             Began as a Tengu Fighter on Sept 20, 2023.
             Was a High Priest of Okawaru.
             Slain by a sixfirhy (3 damage)
             ... summoned by an orc sorcerer
             ... while paralysed by an orc sorcerer
             ... on level 2 of the Orcish Mines.
             The game lasted 00:36:52 (23014 turns).

Kurtz the Severer (Tengu Fighter)                  Turns: 23014, Time: 00:36:53

Health: -2/88      AC: 13    Str: 25    XL:     14   Next: 29%
Magic:  20/20      EV:  2    Int:  8    God:    Okawaru [*****.]
Gold:   1501       SH:  0    Dex: 17    Spells: 13/13 levels left

rFire   + . .        S - +4 war axe
rCold   + + .        j - +1 tower shield {rC+}
rNeg    + . .        N - +2 pearl dragon scales
rPois   .            (helmet restricted)
rElec   .            K - scarf {rC+ rF+}
rCorr   .            (no gloves)
SInv    .            (boots unavailable)
Will    +....        w - amulet of reflection Stlth
                     s - +5 ring of evasion
HPRegen 0.34/turn    J - +6 ring of strength
MPRegen 0.17/turn

%: reflection
@: paralysed, flying quickly and evasively, quick
A: beak, talons 3, nimble flight
a: Renounce Religion, Heroism, Finesse, Duel


You were on level 2 of the Orcish Mines.
You worshipped Okawaru.
Okawaru was extremely pleased with you.
You visited 5 branches of the dungeon, and saw 21 of its levels.
You also visited: Bailey and Ice Cave.

You collected 2255 gold pieces.
You spent 754 gold pieces at shops.

Inventory:

Hand Weapons
 h - a +1 whip of electrocution
 D - a +0 broad axe
 M - the +4 mace "Hitaqun" {antimagic, rElec rPois Will++ Int-2}
   (You took it off a gnoll bouda in a bailey)

   Int:       It affects your intelligence (-2).
   rElec:     It insulates you from electricity.
   rPois:     It protects you from poison.
   Will:      It greatly increases your willpower.
 S - a +4 war axe (weapon)
Missiles
 t - 16 poisoned darts
 v - 18 javelins
 L - 6 throwing nets (quivered)
 V - 3 curare-tipped darts
Armour
 a - a +2 cloak
 j - a +1 tower shield of cold resistance (worn)
 x - +0 gold dragon scales
 K - a scarf of resistance (worn)
 N - +2 pearl dragon scales (worn)
 Z - a +3 scale mail of poison resistance
Jewellery
 k - a ring of magical power
 p - a ring of ice
 s - a +5 ring of evasion (left hand)
 w - an amulet of reflection (around neck)
 J - a +6 ring of strength (right hand)
 U - a ring of fire
Wands
 f - a wand of digging (5)
 y - a wand of polymorph (3)
 F - a wand of roots (17)
 G - a wand of light (21)
 I - a wand of flame (24)
 Q - a wand of paralysis (15)
Scrolls
 b - 3 scrolls of fog
 c - 2 scrolls of magic mapping
 e - 6 scrolls of poison
 l - 3 scrolls of noise {unknown}
 m - 2 scrolls of butterflies {unknown}
 o - a scroll of enchant weapon
 q - a scroll of fear {unknown}
 r - 2 scrolls of silence
 A - a scroll of blinking
 B - 3 scrolls of teleportation
 C - 5 scrolls of vulnerability
 O - 2 scrolls of enchant armour
Potions
 d - 4 potions of might
 g - 5 potions of haste
 i - 4 potions of brilliance
 n - 2 potions of mutation
 u - a potion of cancellation {unknown}
 z - 7 potions of curing
 E - a potion of resistance
 T - a potion of magic
 W - 2 potions of lignification {unknown}
 X - a potion of invisibility {unknown}
 Y - 5 potions of heal wounds


   Skills:
 * Level 10.4 Fighting
 * Level 15.9 Axes
 - Level 3.2 Armour
 * Level 8.5 Dodging
 * Level 13.9 Shields
 * Level 6.8 Invocations


You had 13 spell levels left.
You didn't know any spells.
Your spell library contained the following spells:

 Spells                   Type           Power      Damage    Failure   Level
 Lesser Beckoning         Tloc           0%         N/A       99%         2
 Static Discharge         Conj/Air       0%         2-2/arc   99%         2
 Dazzling Flash           Conj/Hex       0%         N/A       100%        3
 Frozen Ramparts          Ice            0%         1d1       100%        3
 Gell's Gravitas          Tloc           0%         N/A       100%        3
 Teleport Other           Tloc           0%         N/A       100%        3
 Vhi's Electric Charge    Tloc/Air       0%         N/A       100%        3
 Volatile Blastmotes      Fire/Tloc      0%         2d10      100%        3
 Airstrike                Air            0%         2d(0-16)  100%        4
 Ice Form                 Ice/Tmut       0%         N/A       100%        4
 Iskenderun's Mystic Bla  Conj/Tloc      0%         2d3       100%        4
 Passage of Golubria      Tloc           0%         N/A       100%        4
 Arcjolt                  Conj/Air       0%         1d10      100%        5
 Yara's Violent Unravell  Hex/Tmut       0%         3d3       100%        5
 Plasma Beam              Fire/Air       0%         2x1d11    100%        6
 Starburst                Conj/Fire      0%         6d3       100%        6
 Maxwell's Capacitive Co  Air            0%         ∞         100%        8
 Tukima's Dance           Hex            Unusable   N/A       N/A         3
 Summon Ice Beast         Ice/Summ       Unusable   N/A       N/A         4
 Summon Lightning Spire   Summ/Air       Unusable   N/A       N/A         4

Dungeon Overview and Level Annotations

Branches:
Dungeon (12/15)            Temple (1/1) D:5            Lair (5/5) D:11
 Shoals (0/4) Lair:2       Spider (0/4) Lair:2          Orc (2/2) D:9
    Elf (1/3) Orc:2        Bailey (visited)           IceCv (visited)
  Slime: Lair:4-5

Altars:
Ashenzari
Cheibriados
Dithmenos
Fedhas
Gozag
Hepliaklqana
Nemelex Xobeh
Okawaru
Qazlal
Ru
Trog
Wu Jian
Yredelemnul
Zin

Shops:
D:1 [   D:5 (:??   D:8 *[[(   Orc:2 (((?*

Annotations:
D:8 1 runed translucent door, turdburglar's ghost, novice TrGl
D:10 1 runed translucent door


Innate Abilities, Weirdness & Mutations

You have a beak for a mouth.
You have claws for feet.
Your magical nature lets you fly swiftly and evasively.


Message History

The orc high priest prays to Beogh.
The warg attacks as you move away! The warg bites you.
There is a staircase to the Elven Halls here.
The sixfirhy hits you. The sixfirhy shocks you!
* * * LOW HITPOINT WARNING * * *
You block the sixfirhy's attack. The sixfirhy barely misses you.
The warg misses you. The sixfirhy misses you. You block the warg's attack.
You fly downwards.
Welcome to the Elven Halls!
Reactivating autopickup.
The deep elf pyromancer shouts! x2
Found 16 gold pieces.
There is a staircase back to the Mines here.
You slash the warg!
You kill the warg!
Okawaru accepts your kill.
A fire elemental comes into view.
Unknown command.
You fly upwards.
Welcome back to the Orcish Mines!
The orc shouts!
You block the sixfirhy's attack. The sixfirhy hits you.
* * * LOW HITPOINT WARNING * * *
The sixfirhy shocks you!
* * * LOW HITPOINT WARNING * * *
The ice devil barely misses you. The orc sorcerer casts a spell at you.
You suddenly lose the ability to move!
The ice devil hits you but does no damage.
A magic dart appears from out of thin air!
Deactivating autopickup; reactivate with Ctrl-A.
The magic dart hits you but does no damage.
The orc sorcerer gestures wildly while chanting.
The ice devil hits you but does no damage.
The orc high priest hits you but does no damage.
The ynoxinul gestures.
The sixfirhy hits you.
* * * LOW HITPOINT WARNING * * *
The sixfirhy shocks you!
* * * LOW HITPOINT WARNING * * *
The sixfirhy hits you.
You die...

#...............#
#..............##
........[$.....##
#........($.....###
##..o5.$........##
##o#oo..$.........#
##..43$$...........#
##.#..5............
#...@4o5.........#
##.#.3...#.###)### #
##.....#.#.##
##.........#
##........##
#.........###
........#....##
...............#
..............##


You could see an orc high priest, an orange demon (summoned), an ice devil
(summoned), a sixfirhy (summoned), a ynoxinul (summoned), an orc sorcerer, an
orc priest, an orc wizard, an orc and 3 ufetubi.

Vanquished Creatures
  4 hydras
  3 two-headed ogres
  Urug (D:11)
  2 orc high priests (Orc:1)
  Sonja (D:10)
  3 skysharks
  4 skeletal warriors (D:12)
  An orc knight (Orc:2)
  A deep elf pyromancer (D:10)
  2 cyclopes
  3 ugly things
  A wolf spider (Lair:2)
  Maurice (D:11)
  5 elephants (Lair:3)
  A black mamba (Lair:3)
  A gargoyle (D:11)
  6 cane toads
  3 ice statues (IceCv)
  A torpor snail (Lair:4)
  A freezing wraith (IceCv)
  2 unseen horrors (D:11)
  6 komodo dragons
  4 rime drakes
  An anaconda simulacrum (IceCv)
  A hornet (D:10)
  3 trolls
  Grinder (D:5)
  7 blink frogs (Lair:1)
  A culicivora (Lair:2)
  A dire elephant simulacrum (IceCv)
  2 wraiths
  2 vampires
  30 yaks
  A basilisk (Lair:1)
  13 vampire mosquitoes
  A wyvern (Lair:5)
  A steam dragon (D:6)
  A death yak simulacrum (IceCv)
  6 wargs
  A redback (Lair:2)
  An acid dragon (D:11)
  A hydra simulacrum (IceCv)
  9 water moccasins
  37 orc warriors
  Pargi (D:3)
  17 centaurs
  5 ogres
  10 wolves
  2 ice beasts
  2 phantoms
  2 bullfrogs
  A scorpion (D:6)
  11 gnoll sergeants
  A cane toad simulacrum (IceCv)
  9 wights
  12 killer bees
  6 howler monkeys
  6 gnoll boudas
  5 hounds
  2 jellies
  16 orc priests
  Crazy Yiuf (D:2)
  2 sleepcaps (D:5)
  4 iguanas
  21 orc wizards
  Ijyb (D:5)
  A polar bear simulacrum (IceCv)
  2 wolf simulacra (IceCv)
  31 gnolls
  9 adders
  A shadow imp (D:6)
  A white imp (D:6)
  An ufetubus (D:5)
  A worm (D:2)
  4 dart slugs
  76 orcs
  4 endoplasms
  4 giant cockroaches
  4 goblins
  5 hobgoblins
  3 jackals (D:2)
  5 kobolds
  2 quokkas (D:2)
  4 ball pythons
  4 bats
  2 frilled lizards (D:2)
  3 rats
482 creatures vanquished.

Notes
Turn   | Place    | Note
-------+----------+-------------------------------------------
     0 | D:1      | Kurtz the Tengu Fighter began the quest for the Orb.
     0 | D:1      | Reached XP level 1. HP: 14/14 MP: 2/2
    35 | D:1      | Found Hymnoow's Armour Emporium.
   257 | D:1      | Reached XP level 2. HP: 15/19 MP: 3/3
   386 | D:1      | Reached skill level 3 in Axes
   950 | D:2      | Reached XP level 3. HP: 23/23 MP: 4/4
   995 | D:2      | Reached skill level 4 in Axes
  1211 | D:2      | Found a runed translucent door.
  1212 | D:2      | Noticed Crazy Yiuf
  1254 | D:2      | Found a glowing silver altar of Zin.
  1569 | D:2      | Reached XP level 4. HP: 24/28 MP: 5/5
  1983 | D:3      | Noticed Pargi
  1989 | D:3      | Killed Pargi
  1990 | D:3      | Reached skill level 6 in Axes
  1990 | D:3      | Gained mutation: Your magical nature lets you fly swiftly
                  | and evasively. [Tengu growth]
  1990 | D:3      | Reached XP level 5. HP: 20/32 MP: 6/6
  2285 | D:4      | Reached XP level 6. HP: 37/37 MP: 7/7
  2840 | D:3      | Found a sparkling altar of Nemelex Xobeh.
  2840 | D:3      | Found a hazy altar of Hepliaklqana.
  3114 | D:3      | Reached skill level 7 in Axes
  3299 | D:3      | Reached skill level 1 in Dodging
  4088 | D:4      | Reached XP level 7. HP: 39/41 MP: 8/8
  4422 | D:4      | Reached skill level 8 in Axes
  4660 | D:5      | Entered Level 5 of the Dungeon
  4710 | D:5      | Noticed Grinder
  4820 | D:5      | Found Wuloff's Magic Scroll Shop.
  4828 | D:5      | Bought a scroll of blinking for 97 gold pieces
  4828 | D:5      | Bought a scroll of identify for 26 gold pieces
  4828 | D:5      | Bought a scroll of teleportation for 39 gold pieces
  4828 | D:5      | Bought a scroll of poison for 52 gold pieces
  4828 | D:5      | Bought a scroll of vulnerability for 52 gold pieces
  4859 | D:5      | Found a staircase to the Ecumenical Temple.
  4881 | Temple   | Entered the Ecumenical Temple
  4922 | Temple   | Became a worshipper of Warmaster Okawaru
  5014 | D:5      | Paralysed by Grinder for 3 turns
  5030 | D:5      | Killed Grinder
  5031 | D:5      | Reached XP level 8. HP: 38/46 MP: 9/9
  5288 | D:5      | Found Belaomewk's Magic Scroll Boutique.
  5318 | D:5      | Reached skill level 9 in Axes
  5318 | D:5      | Reached skill level 1 in Invocations
  5495 | D:5      | Found Baag's Antique Weapon Emporium.
  5531 | D:5      | Noticed Ijyb
  5543 | D:5      | Killed Ijyb
  5562 | D:5      | Found Qoubog's Magic Scroll Shop.
  5588 | D:5      | Found Equykhue's Book Shoppe.
  5779 | D:6      | Reached * piety under Okawaru
  5780 | D:6      | Reached skill level 5 in Shields
  6165 | D:6      | Found a shadowy altar of Dithmenos.
  6254 | D:6      | Reached skill level 10 in Axes
  6261 | D:6      | Reached XP level 9. HP: 37/52 MP: 11/11
  6725 | D:7      | Reached ** piety under Okawaru
  6895 | D:7      | Identified the +5 quarterstaff "Hellblazer" {flame, Int+3
                  | Dex+4}
  7123 | D:7      | Identified the +8 dagger of Qeasauf {holy, Fragile rElec
                  | Int+2}
  7261 | D:8      | Found Aha Fuck's Weapon Emporium.
  7267 | D:8      | Found a runed translucent door.
  7274 | D:8      | Found a bloodstained altar of Trog.
  7426 | D:8      | Found a flagged portal.
  7541 | Bailey   | Entered a bailey
  7760 | Bailey   | Reached skill level 11 in Axes
  7865 | Bailey   | Identified the +10 rapier of the Boar {heavy, rN+}
  7904 | Bailey   | Reached *** piety under Okawaru
  7905 | Bailey   | Reached skill level 5 in Fighting
  8108 | Bailey   | Reached XP level 10. HP: 59/59 MP: 13/13
  8360 | Bailey   | Identified the +4 mace "Hitaqun" {antimagic, rElec rPois
                  | Will++ Int-2}
  9178 | D:8      | Found Soqoafel's Armour Emporium.
  9178 | D:8      | Noticed an animated crystal plate armour
  9179 | D:8      | Noticed an animated plate armour
  9188 | D:8      | Found Tidolasa's Antique Armour Boutique.
  9257 | D:8      | Found Ikiulo's Assorted Antiques.
  9344 | D:8      | Noticed turdburglar's ghost (novice TrGl)
  9860 | D:9      | Noticed a two-headed ogre
  9871 | D:9      | Killed a two-headed ogre
  9871 | D:9      | Reached **** piety under Okawaru
  9897 | D:9      | Reached skill level 5 in Dodging
 10394 | D:9      | Noticed a two-headed ogre
 10419 | D:9      | Killed a two-headed ogre
 10420 | D:9      | Reached XP level 11. HP: 59/66 MP: 7/14
 10422 | D:9      | Reached ***** piety under Okawaru
 10584 | D:9      | Found a staircase to the Orcish Mines.
 10773 | D:9      | Reached skill level 10 in Shields
 11024 | D:10     | Entered Level 10 of the Dungeon
 11377 | D:2      | Killed Crazy Yiuf
 11383 | D:2      | Identified the +9 hammer of Karma {venom, rC++ Will+ rCorr}
 11578 | D:8      | Bought an embroidered scarf for 224 gold pieces
 11602 | D:8      | Bought a blue potion for 26 gold pieces
 11918 | D:10     | Found a stormy altar of Qazlal.
 11945 | D:10     | Noticed Sonja
 11955 | D:10     | Killed Sonja
 12165 | D:10     | Found a runed translucent door.
 12169 | D:10     | Noticed a shining eye
 12169 | D:10     | Noticed a centaur warrior
 12170 | D:10     | Noticed a flayed ghost
 12384 | D:10     | Paralysed by a hornet for 3 turns
 12387 | D:10     | Identified the +1 buckler "Isecotis" {rN+ Will+} (Okawaru
                  | gifted it to you on level 10 of the Dungeon)
 12387 | D:10     | Received a gift from Okawaru
 12388 | D:10     | Reached skill level 12 in Axes
 12678 | D:10     | Found an opulent altar of Gozag.
 12822 | D:10     | Noticed a deep elf pyromancer
 12993 | D:10     | Killed a deep elf pyromancer
 13624 | D:11     | Found a staircase to the Lair.
 13624 | D:11     | Noticed Maurice
 13632 | D:11     | Killed Maurice
 14023 | D:11     | Reached XP level 12. HP: 61/73 MP: 16/16
 14231 | D:11     | Noticed Urug
 14586 | D:12     | Reached skill level 13 in Axes
 14811 | D:11     | Killed Urug
 14812 | D:11     | Reached skill level 5 in Invocations
 15064 | D:11     | Received a gift from Okawaru
 15261 | D:12     | Noticed a two-headed ogre
 15275 | D:12     | Killed a two-headed ogre
 16174 | D:12     | Reached skill level 14 in Axes
 16274 | Lair:1   | Entered Level 1 of the Lair of Beasts
 16343 | Lair:1   | Noticed a skyshark
 16358 | Lair:1   | Killed a skyshark
 16358 | Lair:1   | Identified the +0 pair of gloves of Experimentation {rF-
                  | rC- Dex+5 SInv} (Okawaru gifted it to you on level 1 of the
                  | Lair of Beasts)
 16358 | Lair:1   | Received a gift from Okawaru
 16481 | Lair:1   | Reached XP level 13. HP: 80/80 MP: 18/18
 17559 | Lair:2   | Found a frozen archway.
 17593 | IceCv    | Entered an ice cave
 18004 | IceCv    | Identified the staff of air "Cois" {rElec rF+ rC- rN++
                  | Dex+2}
 18519 | Lair:2   | Reached skill level 15 in Axes
 18676 | Lair:2   | Found a staircase to the Shoals.
 18799 | Lair:2   | Found a hole to the Spider Nest.
 18812 | Lair:2   | Received a gift from Okawaru
 20778 | Lair:4   | Reached skill level 10 in Fighting
 20962 | Lair:4   | Received a gift from Okawaru
 21135 | Lair:5   | Entered Level 5 of the Lair of Beasts
 21372 | Lair:5   | Reached XP level 14. HP: 76/88 MP: 19/19
 21571 | Orc:1    | Entered Level 1 of the Orcish Mines
 22308 | Orc:2    | Entered Level 2 of the Orcish Mines
 22476 | Orc:2    | Found Suogihuu's Weapon Shoppe.
 22636 | Orc:2    | Found Cofaewis's Antique Weapon Shop.
 22637 | Orc:2    | Found Muiquta's Magic Scroll Emporium.
 22637 | Orc:2    | Found Gousegu's Antique Weapon Boutique.
 22658 | Orc:2    | Found Cielufuf's Assorted Antiques.
 22829 | Orc:2    | Bought a scroll of enchant armour for 105 gold pieces
 22829 | Orc:2    | Bought a scroll of silence for 133 gold pieces
 22982 | Orc:2    | Found a staircase to the Elven Halls.
 22994 | Orc:2    | Received a gift from Okawaru
 23009 | Elf:1    | Entered Level 1 of the Elven Halls
 23012 | Orc:2    | Paralysed by an orc sorcerer for 5 turns
 23014 | Orc:2    | HP: 1/88 [sixfirhy[an orc sorcerer] (10)]
 23014 | Orc:2    | Slain by a sixfirhy

Illustrated notes

Levels and vault maps discovered:
D:1:      amcnicky_arrival_feature_with_door, layout_basic, serial_shops, shop
D:2:      layout_basic, basic_altar, uniq_crazy_yiuf_cottage
D:3:      layout_loops_ring, chequers_temple_overflow_statue_of_worship,
          kennysheep_orc_chapel, uniq_pargi
D:4:      layout_gridville
D:5:      layout_basic, minmay_temple_entry_glassed_door, serial_shops, shop,
          nicolae_shop_rolling_square, nicolae_inconvenience_store,
          nicolae_shop_behind_doors, nicolae_shop_tiny_waterfront, st_stairs_6,
          chequers_serial_rivers_micro_d, uniq_grinder, uniq_ijyb
D:6:      layout_basic, grunt_dithmenos_smoke_and_mirrors,
          hangedman_abyss_or_decor_stagger
D:7:      layout_rooms, minmay_misc_feat_tower
D:8:      layout_basic, mainiacjoe_overflow_boulevard, serial_shops, shop,
          nicolae_shop_temple_entry_statues_fountains,
          nicolae_shop_getting_attention, nicolae_shop_mannequins,
          enter_bailey_2, ebering_ghost_inner_flame
D:9:      layout_roguey, david_orc_2
D:10:     layout_roguey, grunt_gozag_breadcrumbs, mainiacjoe_overflow_alcove_2,
          wad_hexagon, uniq_sonja
D:11:     layout_basic, lair_entry_dummy, minmay_misc_feat_rugged,
          hangedman_corner_corridor, uniq_maurice, uniq_urug
D:12:     layout_basic
Temple:   regret_index_temple_sphere_string
Lair:1:   layout_regular_city, st_stairs_3, grunt_megastairs_3
Lair:2:   layout_gridlike, minmay_shoals_entry_centaurs,
          spider_nest_entry_funnel_web, portal_ice_cave_rime, grunt_megastairs_5
Lair:3:   layout_small_grid
Lair:4:   layout_regular_city, dreamdust_mushroom_princess, grunt_megastairs_1
Lair:5:   evil_forest, layout_cave_pods, slime_entry_1
Orc:1:    layout_caves
Orc:2:    st_orc_rangers, layout_caves, serial_shops,
          nicolae_shop_bloodbath_and_beyond
Elf:1:    nicolae_elf_arrival_fired_up, layout_geoelf_octagon, serial_shops,
          nicolae_shop_real_fake_doors, evilmike_minifort, lemuel_upstairs_altar

Skill      XL: |  1  2  3  4  5  6  7  8  9 10 11 12 13 |
---------------+----------------------------------------+-----
Axes           | 3 4 6 7 8 10 11 12 14 15 | 15.9
Dodging        | 1 2 3 4 5 6 7 8 |  8.5
Shields        | 4 5 7 9 10 12 13 | 13.9
Invocations    | 1 2 3 4 5 6 |  6.8
Fighting       | 4 5 6 8 9 10 | 10.4
Armour         | |  3.2

Action                     |  1- 3 |  4- 6 |  7- 9 | 10-12 | 13-15 || total
---------------------------+-------+-------+-------+-------+-------++-------
  Melee: War axe           |    49 |   116 |   164 |   396 |   449 ||  1174
         Kick              |     9 |    29 |    87 |   231 |   167 ||   523
         Peck              |     8 |    18 |    49 |   151 |   125 ||   351
         Whip              |       |       |   141 |    46 |       ||   187
         Mace              |       |       |       |   179 |    28 ||   207
         Hand axe          |       |       |       |     5 |       ||     5
         Unarmed           |       |       |       |     1 |       ||     1
  Throw: Dart              |       |     3 |     7 |     3 |       ||    13
         Boomerang         |       |       |     1 |     3 |       ||     4
         Throwing net      |       |       |       |     1 |     7 ||     8
 Invoke: Heroism           |       |       |       |     2 |     4 ||     6
  Evoke: Wand              |       |       |     9 |     9 |     5 ||    23
    Use: Potion            |     1 |       |     3 |     2 |     2 ||     8
         Scroll            |       |       |     6 |     5 |     3 ||    14
   Stab: Paralysed         |       |       |       |     8 |     7 ||    15
 Armour: Scale mail        |    29 |    66 |     9 |       |       ||   104
         Chain mail        |       |       |    68 |       |       ||    68
         Plate armour      |       |       |    22 |     4 |       ||    26
         Pearl dragon scal |       |       |       |   117 |    94 ||   211
  Dodge: Dodged            |    26 |    45 |    98 |   164 |   203 ||   536
  Block: Buckler           |    13 |     5 |       |       |       ||    18
         Tower shield      |       |    63 |   188 |   464 |   648 ||  1363
         Kite shield       |       |     6 |    51 |       |       ||    57
         Reflection        |       |       |       |       |    92 ||    92
